Map: Lerilak Crest

Players

ImpKing - Winner!

  • Race: Protoss Protoss

AgCl

  • Race: Protoss Protoss

VOD

Have the link to the VOD?

Description

Time

  • Played on: May 4, 2015, 9:43 p.m.
  • Length: 4:12
Show
View Real Time Build Order
Export as new Build Order

ImpKing Protoss - Winner!

Build Orders:  

Get SALT Encoding   

  12  0:01  Probe  
  13  0:13  Probe  
  14  0:19  Pylon  
  14  0:37  Probe (Chrono Boost)  
  15  0:47  Probe (Chrono Boost), Forge  
  16  0:54  Probe (Chrono Boost)  
  17  1:06  Probe (Chrono Boost)  
  18  1:15  Probe (Chrono Boost)  
  18  1:18  Pylon  
  19  1:23  Probe  
  19  1:24  Pylon  
  20  1:43  Photon Cannon  
  20  1:44  Pylon  
  20  1:47  Pylon, Photon Cannon  
  20  1:50  Pylon  
  20  2:09  Photon Cannon  
  20  2:10  Photon Cannon  
  20  2:16  Pylon  
  20  2:24  Pylon  
  20  2:29  Probe (Chrono Boost)  
  21  2:39  Probe (Chrono Boost)  
  21  2:42  Pylon  
  21  2:43  Photon Cannon  
  21  2:45  Gateway  
  21  2:51  Pylon  
  21  2:52  Pylon  
  21  2:57  Pylon  
  21  3:01  Probe (Chrono Boost)  
  21  3:04  Assimilator  
  22  3:10  Probe (Chrono Boost)  
  23  3:12  Assimilator  
  23  3:18  Probe  
Show
View Real Time Build Order
Export as new Build Order

AgCl Protoss 

Build Orders:  

Get SALT Encoding   

  12  0:02  Probe  
  13  0:15  Probe  
  14  0:31  Pylon  
  14  0:49  Probe  
  15  0:58  Gateway  
  15  1:01  Probe, Assimilator  
  16  1:06  Assimilator  
  16  1:13  Probe  
  16  1:15  Pylon  
  17  1:26  Probe  
  18  1:38  Probe  
  19  1:46  Zealot (Chrono Boost)  
  21  1:50  Probe  
  22  1:55  Pylon  
  22  2:02  Probe  
  22  2:06  Zealot (Chrono Boost)  
  25  2:21  Forge  
  21  2:24  Nexus  
Tags
 
Add a new tag
Caveats
  • Supply blocks, unpowered buildings, or Contaminate may cause inaccurate times.
  • Supply counts are checked every 10 seconds.